 Dungeon Crawl Stone Soup version 0.19.5 (webtiles) character file.

422 Mesmaeker13 the Skirmisher (level 6, -10/66 HPs)
             Began as an Ogre Hunter on May 2, 2017.
             Mangled by greprep's ghost (19 damage)
             ... on level 4 of the Dungeon on May 3, 2017.
             The game lasted 00:10:33 (3054 turns).

Mesmaeker13 the Skirmisher (Ogre Hunter)            Turns: 3054, Time: 00:10:34

Health: -10/66     AC:  4    Str: 18    XL:     6   Next: 95%
Magic:  6/6        EV: 11    Int: 12    God:
Gold:   218        SH:  0    Dex: 10    Spells: 0 memorised, 5 levels left

rFire  . . .     SeeInvis .     e - +0 whip
rCold  . . .     Gourm    .     b - +0 robe
rNeg   . . .     Faith    .     (no shield)
rPois  .         Spirit   .     (helmet restricted)
rElec  .         Reflect  .     h - +0 cloak
rCorr  .         Harm     .     (gloves unavailable)
MR     +....                    (boots unavailable)
Stlth  +.........               (no amulet)
                                (no ring)
                                n - ring of protection from magic

@: lethally poisoned (-10 -> -12)
A: unfitting armour, tough skin 1
a: no special abilities


You were on level 4 of the Dungeon.
You were not hungry.

You visited 1 branch of the dungeon, and saw 4 of its levels.

You collected 218 gold pieces.

Inventory:

Hand Weapons
 e - a +0 whip (weapon)
Armour
 b - a +0 robe (worn)
 h - a +0 cloak (worn)
Jewellery
 n - a ring of protection from magic (left hand)
Wands
 y - a wand of teleportation (2/9)
Scrolls
 a - a scroll of random uselessness {unknown}
 g - a scroll of amnesia {unknown}
 i - a scroll of noise {unknown}
 p - a scroll of remove curse {unknown}
 q - a scroll of enchant armour {unknown}
 t - a scroll of identify {unknown}
 u - 2 scrolls of blinking {unknown}
Potions
 d - a potion of haste {unknown}
 j - a potion of cancellation {unknown}
 k - 4 potions of brilliance {unknown}
 l - a potion of might {unknown}
 o - a potion of curing
 r - a potion of agility {unknown}
Books
 v - a book of Maledictions

   Spells                             Type                      Level
   a - Corona                         Hexes                        1
   b - Ensorcelled Hibernation        Hexes/Ice                    2
   c - Confuse                        Hexes                        3
   d - Tukima's Dance                 Hexes                        3
   e - Dazzling Spray                 Conjuration/Hexes            3
Comestibles
 c - 2 chunks of flesh
 f - 4 bread rations
 s - 2 beef jerkies
 x - a meat ration


   Skills:
 + Level 5.4 Fighting
 + Level 4.0 Maces & Flails
 + Level 5.1 Throwing
 + Level 3.6 Dodging
 - Level 0.6 Stealth


You had 5 spell levels left.
You didn't know any spells.

Dungeon Overview and Level Annotations

Branches:
Dungeon (4/15)
 Temple: D:4-7

Altars:

Shops:
D:4 }

Annotations:
D:4 greprep's ghost, amateur TrFi


Innate Abilities, Weirdness & Mutations

You are too large for most types of armour.
You have tough skin. (AC +1)


Message History

Okay, then.
You hit the adder.
The adder is severely wounded.
You feel sick. The adder bites you.
Greprep's ghost whispers, "There is no future for you."
Greprep's ghost hits you!!
You hit the adder.
You kill the adder!
Greprep's ghost closely misses you.
You feel sick.
You see here a javelin.
You feel sick.
You see here 3 javelins.
You feel sick. Greprep's ghost hits you!
* * * LOW HITPOINT WARNING * * *
Greprep's ghost hits you.
* * * LOW HITPOINT WARNING * * *
There is a stone staircase leading down here.
Greprep's ghost hits you!!
You die...

..#...#....######.... ...........
#.#..............................
...........#....................#
#............................#.sW
.......................#.........
..........#.#..........#.........
..........#.(....................
..........#.#....#......##+#.#...
....##....#.....@....... .......
..........#....W.....### #####...
...####.#.#.....(....# #... .....
....#.########.# #...
...####.###.# # #### ..# ..
###.#. ..


You could see greprep's ghost.

Vanquished Creatures
  Grinder (D:4)
  A hound (D:4)
  3 worker ants (D:4)
  A hound skeleton (D:4)
  4 adders
  An ooze (D:2)
  An adder skeleton (D:4)
  3 worms
  2 dart slugs (D:1)
  A ball python (D:2)
  2 giant cockroaches (D:2)
  11 goblins
  9 hobgoblins
  7 kobolds
  2 quokkas
  8 bats
  2 frilled lizards
  2 rats
61 creatures vanquished.

Notes
Turn   | Place    | Note
-------+----------+-------------------------------------------
     0 | D:1      | Mesmaeker13 the Ogre Hunter began the quest for the Orb.
     0 | D:1      | Reached XP level 1. HP: 22/22 MP: 1/1
   176 | D:1      | Reached XP level 2. HP: 16/31 MP: 2/2
   324 | D:1      | HP: 1/31 [kobold/short sword (2)]
  1226 | D:2      | Reached XP level 3. HP: 36/37 MP: 3/3
  1509 | D:2      | Reached skill level 1 in Maces & Flails
  1778 | D:2      | Reached XP level 4. HP: 46/48 MP: 4/4
  2324 | D:4      | Noticed Grinder
  2324 | D:4      | Paralysed by Grinder for 2 turns
  2337 | D:4      | Killed Grinder
  2337 | D:4      | Reached skill level 5 in Fighting
  2337 | D:4      | Reached skill level 5 in Throwing
  2337 | D:4      | Reached XP level 5. HP: 41/57 MP: 5/5
  2337 | D:4      | Reached XP level 6. HP: 48/66 MP: 6/6
  2552 | D:4      | Found Udiyr Ywu's Gadget Shop.
  2673 | D:4      | Noticed greprep's ghost (amateur TrFi)
  2680 | D:4      | Noticed a phantom
  3054 | D:4      | Mangled by greprep's ghost

Skill      XL: |  1  2  3  4  5  6 |
---------------+-------------------+-----
Dodging        | 2 3 |  3.6
Fighting       | 3 5 |  5.4
Maces & Flails | 1 3 4 |  4.0
Throwing       | 5 |  5.1
Stealth        | |  0.6

Action                   |  1- 3 |  4- 6 || total
-------------------------+-------+-------++-------
Melee: Whip              |   145 |   116 ||   261
       Short sword       |     8 |       ||     8
Throw: Large rock        |    20 |    14 ||    34
       Throwing net      |     3 |     2 ||     5
       Javelin           |     1 |     9 ||    10
  Eat: Chunk             |     3 |     4 ||     7
Armor: Robe              |    67 |    34 ||   101
Dodge: Dodged            |   113 |    64 ||   177
